 Dungeon Crawl Stone Soup version 0.20-a0-785-g17250f0 (webtiles) character file.

27957 Gorglomux the Whirler (level 13, -6/92 HPs)
             Began as a Halfling Hunter on Feb 27, 2017.
             Was a High Priest of Okawaru.
             Mangled by a minotaur
             ... wielding a +0 flail
              (28 damage)
             ... in a labyrinth.
             The game lasted 00:46:03 (19547 turns).

Gorglomux the Whirler (Halfling Hunter)            Turns: 19547, Time: 00:46:04

Health: -6/92      AC: 14    Str:  8    XL:     13   Next: 69%
Magic:  17/17      EV: 28    Int: 11    God:    Okawaru [*****.]
Gold:   952        SH:  0    Dex: 39    Spells: 16/18 levels left

rFire    . . .     SeeInvis .   n - +0 fustibalus (freeze)
rCold    . . .     Gourm    .   a - +3 leather armour of Nuohag {rCorr Str-5 Dex+10}
rNeg     . . .     Faith    .   (shield restricted)
rPois    +         Spirit   .   (no helmet)
rElec    +         Reflect  .   t - +0 cloak
rCorr    +         Harm     .   m - +2 pair of gloves
MR       .....                  O - +2 pair of boots
Stlth    +++.......             H - amulet of magic regeneration
Regen    0.3/turn               E - ring "Kearr" {+Blink rElec rPois Int-4 Dex+9}
MPRegen  0.3/turn               D - +6 ring of intelligence

@: no status effects
A: mutation resistance 1
a: Heroism, Finesse, Renounce Religion, Evoke Blink


You were in a labyrinth.
You worshipped Okawaru.
Okawaru was extremely pleased with you.
You were not hungry.

You visited 3 branches of the dungeon, and saw 16 of its levels.
You also visited: Labyrinth and Sewer.

You collected 968 gold pieces.
You donated 16 gold pieces to Zin.

Inventory:

Hand Weapons
 n - a +0 fustibalus of freezing (weapon)
Missiles
 d - 109 sling bullets (quivered)
 l - 175 stones
Armour
 a - the +3 leather armour of Nuohag (worn) {rCorr Str-5 Dex+10}
   (You found it in a labyrinth)

   It affects your strength (-5).
   It affects your dexterity (+10).
   It protects you from acid and corrosion.
 m - a +2 pair of gloves (worn)
 t - a +0 cloak (worn)
 O - a +2 pair of boots (worn)
Jewellery
 D - a +6 ring of intelligence (left hand)
 E - the ring "Kearr" (right hand) {+Blink rElec rPois Int-4 Dex+9}
   (You found it on level 10 of the Dungeon)

   [ring of poison resistance]

   It affects your intelligence (-4).
   It affects your dexterity (+9).
   It insulates you from electricity.
   It protects you from poison.
   It lets you blink.
 H - an amulet of magic regeneration (around neck)
 P - an uncursed ring of fire
Wands
 e - a wand of acid (12/15)
 i - a wand of lightning (7/15)
 z - a wand of iceblast (4/15)
 A - a wand of acid (5/15)
 C - a wand of confusion (34/48)
 I - a wand of iceblast (10/15)
 L - a wand of lightning (8/15)
 N - a wand of iceblast (3/15)
 S - a wand of iceblast (9/15)
Scrolls
 h - 4 scrolls of amnesia
 q - a scroll of enchant armour
 x - a scroll of recharging
 B - 4 scrolls of blinking
 F - 3 scrolls of fear
 K - 7 scrolls of remove curse
 M - 4 scrolls of magic mapping
 Q - 2 scrolls of immolation
 R - a scroll of identify
 T - 8 scrolls of teleportation
 X - a scroll of fog
Potions
 g - a potion of heal wounds
 k - a potion of brilliance
 p - 2 potions of resistance
 s - a potion of ambrosia
 u - 2 potions of agility
 w - 2 potions of lignification
 G - 4 potions of curing
 U - 2 potions of flight
 Y - 4 potions of haste
 Z - 3 potions of might
Books
 b - a book of Party Tricks

   Spells                             Type                      Level
   a - Summon Butterflies             Summoning                    1
   b - Apportation                    Translocation                1
   c - Lesser Beckoning               Translocation                3
   d - Tukima's Dance                 Hexes                        3
   e - Alistair's Intoxication        Transmutation/Poison         5
   f - Invisibility                   Hexes                        6
 j - a book of Power

   Spells                             Type                      Level
   a - Iskenderun's Battlesphere      Conjuration/Charms           5
   b - Venom Bolt                     Conjuration/Poison           5
   c - Bolt of Magma                  Conjuration/Fire/Earth       5
   d - Iron Shot                      Conjuration/Earth            6
   e - Orb of Destruction             Conjuration                  7
   f - Spellforged Servitor           Conjuration/Summoning        7
 r - a book of Battle

   Spells                             Type                      Level
   a - Infusion                       Charms                       1
   b - Shroud of Golubria             Charms/Translocation         2
   c - Song of Slaying                Charms                       2
   d - Spectral Weapon                Hexes/Charms                 3
   e - Regeneration                   Charms/Necromancy            3
Comestibles
 f - 5 bread rations
 o - 12 royal jellies
 J - 13 meat rations


   Skills:
 - Level 10.0 Fighting
 + Level 19.2(19.3) Slings
 - Level 2.4(9.8) Throwing
 - Level 7.0 Armour
 - Level 10.0 Dodging
 - Level 1.1 Stealth
 - Level 3.1 Spellcasting
 - Level 4.0 Charms
 - Level 5.0 Air Magic


You had 16 spell levels left.
You knew the following spells:

 Your Spells              Type           Power        Failure   Level  Hunger
a - Swiftness             Chrm/Air       ##......     12%         2    ###....


Dungeon Overview and Level Annotations

Branches:
Dungeon (11/15)            Temple (1/1) D:5            Lair (4/6) D:11
 Shoals (0/4) Lair:4        Snake (0/4) Lair:2          Orc (0/2) D:11

Altars:
Ashenzari
Cheibriados
Elyvilon
Fedhas
Gozag
Hepliaklqana
Kikubaaqudgha
Makhleb
Okawaru
Qazlal
Ru
Sif Muna
Trog
Uskayaw
Vehumet
Yredelemnul
Zin
The Shining One

Shops:
D:4 %


Innate Abilities, Weirdness & Mutations

You are small and have problems with some larger weapons.
You are somewhat resistant to further mutation.


Message History

Press: ? - help, Shift-Dir - straight line, f/p - minotaur
Aim: a minotaur, wielding a flail and wearing a chain mail (almost dead)
You shoot a sling bullet. The sling bullet hits the minotaur.
The sling bullet freezes the minotaur.
The minotaur is almost dead.
The minotaur hits you with a flail!!
* * * LOW HITPOINT WARNING * * *
The minotaur completely misses you.
Firing (i - inventory. (,) - cycle):
d - 111 sling bullets (quivered)
Press: ? - help, Shift-Dir - straight line, f/p - minotaur
Aim: a minotaur, wielding a flail and wearing a chain mail (almost dead)
You shoot a sling bullet.
The sling bullet barely misses the minotaur.
Firing (i - inventory. (,) - cycle):
d - 110 sling bullets (quivered)
Press: ? - help, Shift-Dir - straight line, f/p - minotaur
Aim: a minotaur, wielding a flail and wearing a chain mail (almost dead)
You shoot a sling bullet.
The sling bullet barely misses the minotaur.
The minotaur hits you with a flail!!
You die...

###### # # .
....#
.#####.#
.#.@H#.# . #
#.#.#.#. #
#.#.#.#.#...
#.#.#<#.#..
#.#.###.#. .
#.# #.#..
..#. # # # .
... .#######
# . . ...
..... ..#
##. ## ....
... # .#...
....


You could see a minotaur.

Vanquished Creatures
  A hydra (Lair:3)
  3 two-headed ogres
  Pikel (D:8)
  2 oklob plants (Lair:2)
  2 ugly things (D:11)
  2 black mambas
  Joseph (D:9)
  8 spiny frogs
  4 gargoyles (Lab)
  A rime drake (Lair:1)
  6 komodo dragons
  A troll (D:11)
  A polar bear (Lair:2)
  Grinder (D:5)
  6 blink frogs
  6 hippogriffs
  3 redbacks (Lab)
  A shadow (D:11)
  A wyvern (D:8)
  17 yaks
  A basilisk (Lair:1)
  7 hungry ghosts
  Menkaure (D:5)
  Edmund (D:5)
  10 water moccasins
  9 porcupines
  An orc warrior (D:11)
  4 sky beasts
  4 slaves (D:8)
  An ice beast (D:9)
  5 wolves (Lair:2)
  4 centaurs
  7 crocodiles
  12 ogres
  Blork the orc (D:6)
  16 big kobolds
  2 gnoll sergeants (D:11)
  17 bullfrogs
  A wyvern zombie (D:8)
  A wyvern skeleton (D:6)
  5 scorpions
  5 killer bees (D:7)
  6 electric eels
  7 crimson imps
  A bullfrog zombie (D:7)
  4 lava snakes (Lab)
  6 hounds
  5 jellies
  An orc priest (D:8)
  3 centaur skeletons
  Jessica (D:2)
  4 iguanas
  3 orc wizards
  5 worker ants
  2 killer bee zombies
  A hound skeleton (D:4)
  2 worker ant zombies
  16 gnolls
  2 river rats (Sewer)
  20 adders
  2 shadow imps (D:8)
  7 oozes
  3 adder skeletons
  2 dart slugs
  5 worms
  5 leopard geckos
  17 orcs
  7 ball pythons
  4 giant cockroaches
  7 goblins
  9 hobgoblins
  18 jackals
  57 kobolds
  7 quokkas
  9 bats
  5 frilled lizards
  A leopard gecko zombie (D:7)
  A quokka skeleton (D:7)
  6 rats
  A plant (Lair:2)
445 creatures vanquished.

Vanquished Creatures (others)
  3 fungi
3 creatures vanquished.

Grand Total: 448 creatures vanquished

Notes
Turn   | Place    | Note
-------+----------+-------------------------------------------
     0 | D:1      | Gorglomux the Halfling Hunter began the quest for the Orb.
     0 | D:1      | Reached XP level 1. HP: 14/14 MP: 1/1
   142 | D:1      | Reached skill level 6 in Slings
   284 | D:1      | Reached XP level 2. HP: 12/19 MP: 2/2
   910 | D:2      | Reached skill level 7 in Slings
   910 | D:2      | Reached XP level 3. HP: 24/24 MP: 3/3
   926 | D:2      | Found a glowing golden altar of the Shining One.
   931 | D:2      | Found a glowing silver altar of Zin.
  1009 | D:2      | Became a worshipper of Zin the Law-Giver
  1047 | D:2      | Reached XP level 4. HP: 23/29 MP: 4/4
  1229 | D:2      | Reached skill level 8 in Slings
  1663 | D:2      | Reached XP level 5. HP: 34/34 MP: 5/5
  2079 | D:2      | Reached skill level 9 in Slings
  2223 | D:3      | Noticed Jessica
  2248 | D:2      | Killed Jessica
  2334 | D:3      | Reached XP level 6. HP: 34/39 MP: 6/6
  2849 | D:3      | Reached skill level 10 in Slings
  2996 | D:3      | Reached * piety under Zin
  3125 | D:4      | Found Baveo's Food Boutique.
  3357 | D:4      | Found a glowing drain.
  3411 | Sewer    | Entered a sewer
  3541 | Sewer    | Reached skill level 11 in Slings
  3541 | Sewer    | Reached XP level 7. HP: 16/44 MP: 7/7
  4465 | D:4      | Reached skill level 12 in Slings
  4650 | D:5      | Entered Level 5 of the Dungeon
  4743 | D:5      | Noticed Edmund
  4753 | D:5      | Reached XP level 8. HP: 43/49 MP: 8/8
  4813 | D:5      | Killed Edmund
  4813 | D:5      | Reached skill level 13 in Slings
  5004 | D:5      | Noticed Menkaure
  5010 | D:5      | Killed Menkaure
  5175 | D:5      | Reached skill level 14 in Slings
  5270 | D:5      | Noticed Grinder
  5271 | D:5      | Paralysed by Grinder for 5 turns
  5281 | D:5      | Paralysed by Grinder for 2 turns
  5293 | D:5      | Paralysed by Grinder for 7 turns
  5321 | D:5      | Killed Grinder
  5321 | D:5      | Reached skill level 3 in Fighting
  5390 | D:5      | Found a staircase to the Ecumenical Temple.
  5450 | D:5      | Reached XP level 9. HP: 44/58 MP: 9/9
  5481 | Temple   | Entered the Ecumenical Temple
  5540 | Temple   | Fell from the grace of Zin
  5540 | Temple   | Became a worshipper of Warmaster Okawaru
  6571 | D:6      | Noticed Blork the orc
  6585 | D:6      | Killed Blork the orc
  6667 | D:6      | Reached * piety under Okawaru
  6667 | D:6      | Reached skill level 6 in Fighting
  7921 | D:7      | HP: 2/66 [crimson imp (4)]
  7931 | D:7      | Reached ** piety under Okawaru
  8036 | D:7      | Reached XP level 10. HP: 23/72 MP: 10/10
  8466 | D:6      | Reached skill level 1 in Armour
  8704 | D:7      | Reached skill level 3 in Dodging
  8849 | D:7      | Found a hide-covered altar of Uskayaw.
  9126 | D:7      | Reached skill level 3 in Armour
  9610 | D:7      | Found a shattered altar of Ashenzari.
  9695 | D:8      | Reached *** piety under Okawaru
 10284 | D:8      | Noticed Pikel
 10299 | D:8      | Killed Pikel
 10299 | D:8      | Reached skill level 6 in Dodging
 10305 | D:8      | Found a blossoming altar of Fedhas.
 10305 | D:8      | Found an ancient bone altar of Kikubaaqudgha.
 10310 | D:8      | Noticed a two-headed ogre
 10327 | D:8      | Killed a two-headed ogre
 10327 | D:8      | Reached skill level 6 in Armour
 10327 | D:8      | Reached XP level 11. HP: 37/78 MP: 9/11
 10888 | D:8      | Learned a level 2 spell: Swiftness
 11246 | D:8      | Found a faded altar of an unknown god.
 11246 | D:8      | Found a stormy altar of Qazlal.
 11264 | D:8      | Found a hazy altar of Hepliaklqana.
 11266 | D:8      | Found a basalt altar of Yredelemnul.
 11268 | D:8      | Found a faded altar of an unknown god.
 11451 | D:9      | Noticed a two-headed ogre
 11468 | D:9      | Killed a two-headed ogre
 11468 | D:9      | Reached **** piety under Okawaru
 12109 | D:9      | Noticed a two-headed ogre
 12130 | D:9      | Killed a two-headed ogre
 12130 | D:9      | Reached skill level 9 in Dodging
 12550 | D:9      | Noticed Joseph
 12567 | D:9      | Killed Joseph
 12707 | D:9      | Found a burning altar of Makhleb.
 12708 | D:9      | Found a radiant altar of Vehumet.
 12822 | D:10     | Entered Level 10 of the Dungeon
 12898 | D:10     | Got a pitted amber ring
 12962 | D:10     | Identified the ring "Kearr" {+Blink rElec rPois Int-4 Dex+9} (You found it on level 10 of the Dungeon)
 13542 | D:11     | Reached skill level 1 in Air Magic
 13620 | D:11     | Reached skill level 1 in Charms
 13657 | D:11     | Noticed a brown ugly thing
 13661 | D:11     | Reached skill level 1 in Spellcasting
 13676 | D:11     | Killed a brown ugly thing
 13676 | D:11     | Received a gift from Okawaru
 13781 | D:11     | Reached ***** piety under Okawaru
 13939 | D:11     | Found a staircase to the Lair.
 13974 | D:11     | Reached skill level 3 in Air Magic
 13974 | D:11     | Reached XP level 12. HP: 68/84 MP: 15/15
 14065 | D:11     | Reached skill level 3 in Charms
 14323 | D:11     | Found a staircase to the Orcish Mines.
 14723 | D:11     | Received a gift from Okawaru
 14723 | D:11     | Reached skill level 3 in Spellcasting
 14764 | Lair:1   | Entered Level 1 of the Lair of Beasts
 15019 | Lair:1   | Reached skill level 9 in Fighting
 15391 | Lair:1   | Received a gift from Okawaru
 16215 | Lair:2   | Found a staircase to the Snake Pit.
 16282 | Lair:2   | Received a gift from Okawaru
 16466 | Lair:2   | Reached skill level 15 in Slings
 16766 | Lair:2   | Reached XP level 13. HP: 57/92 MP: 17/17
 16780 | Lair:2   | Reached skill level 16 in Slings
 17619 | Lair:3   | Reached skill level 17 in Slings
 18072 | Lair:3   | Noticed a five-headed hydra
 18094 | Lair:3   | Killed a five-headed hydra
 18094 | Lair:3   | Received a gift from Okawaru
 18409 | Lair:4   | Reached skill level 18 in Slings
 18616 | Lair:4   | Found a labyrinth entrance.
 18644 | Lab      | Entered a labyrinth
 18964 | Lab      | Paralysed by fainting for 12 turns
 19169 | Lab      | Got a slimy leather armour
 19195 | Lab      | Reached skill level 19 in Slings
 19373 | Lab      | Found an exit through the horrors of the Abyss.
 19467 | Lab      | Identified the +3 leather armour of Nuohag {rCorr Str-5 Dex+10} (You found it in a labyrinth)
 19535 | Lab      | Noticed a minotaur
 19547 | Lab      | Mangled by a minotaur

Vault maps used:
D:1:      erik_arrival_cave_to_civilisation
D:2:      grunt_temple_overflow_open, first_bread
D:3:      serial_glass, glass_columns_a, glass_columns_c, uniq_jessica
D:4:      serial_shops, nicolae_shop_waterfront, portal_sewer_entry_a,
          serial_park_tiny_2
D:5:      minmay_temple_entry_fiery, uniq_edmund, uniq_grinder, uniq_menkaure
D:6:      minmay_goblin_kobold_castle, minmay_door_square, uniq_blork_the_orc
D:7:      marbit_many_paths, eat_drink_and_be_merry_uskayaw
D:8:      grunt_temple_overflow_growth_and_decay,
          chequers_temple_overflow_minitemple, hangedman_little_slice_of_home,
          uniq_pikel
D:9:      kennysheep_big_flooded_room,
          grunt_temple_overflow_lords_of_destruction, evilmike_butchery,
          uniq_joseph
D:11:     lair_entry_dummy, kennysheep_orc_monster_closet_entryway
Temple:   jpeg_temple_clearing
Lair:2:   dummy_snake_entry, cheibrodos_lair_reptile_den,
          minmay_lair_oklob_chamber
Lair:3:   grunt_megastairs_5, lemuel_fruit_fields
Lair:4:   elwin_shoals_entry_rooms, lab_entry_generic, grunt_megastairs_4
Lab:      labyrinth_spiral, lab_hedge, nicolae_lab_grate_2, nicolae_lab_garden,
          labyrinth_fake_exit, nicolae_lab_blocks, labyrinth_lava_lair
Sewer:    sewer_co_15_rooms

Skill      XL: |  1  2  3  4  5  6  7  8  9 10 11 12 13 |
---------------+----------------------------------------+-----
Slings         | 6 7 8 9 11 12 14 15 19 | 19.2
Fighting       | 4 8 10 | 10.0
Armour         | 6 7 |  7.0
Dodging        | 6 10 | 10.0
Throwing       | 2 |  2.4
Air Magic      | 3 5 |  5.0
Charms         | 2 4 |  4.0
Spellcasting   | 2 3 |  3.1
Stealth        | |  1.1

Action                   |  1- 3 |  4- 6 |  7- 9 | 10-12 | 13-15 || total
-------------------------+-------+-------+-------+-------+-------++-------
Melee: Short sword       |    32 |       |       |       |       ||    32
       Hunting sling     |       |       |       |     3 |       ||     3
       Fustibalus        |       |       |       |     1 |       ||     1
 Fire: Hunting sling     |    30 |   282 |   686 |   759 |       ||  1757
       Fustibalus        |       |       |       |   555 |   382 ||   937
 Cast: Swiftness         |       |       |       |     2 |       ||     2
Invok: Recite            |       |     1 |     1 |       |       ||     2
       Heroism           |       |       |       |     6 |       ||     6
  Use: Potion            |       |       |     9 |     1 |     1 ||    11
       Scroll            |       |       |       |    15 |     6 ||    21
  Eat: Chunk             |       |     8 |    10 |    26 |     6 ||    50
       Royal jelly       |       |       |     1 |       |     4 ||     5
       Fruit             |       |       |       |       |     4 ||     4
Armor: Leather armour    |    12 |    24 |    34 |    45 |    31 ||   146
Dodge: Dodged            |    28 |    95 |   124 |   381 |   146 ||   774
